![]() |
![]() |
![]() |
html PUBLIC "-//W3C//DTD XHTML 1.0 Transitional//EN" "http://www.w3.org/TR/xhtml1/DTD/xhtml1-transitional.dtd">
KANSAS CITY KILLERBEES vs SAN JOSE BRONCOSCreated - 30 novembre 2024 at 10:13
1st period
1. SAN JOSE BRONCOS , Brayden Point 12 (Clayton Keller 10, Jesper Bratt 13) at 15:02 (PP)
Penalties :
Mattias Ekholm (KCK) for Hooking (Minor) at 3:09, Parker Wotherspoon (KCK) for Tripping (Minor) at 14:15
2nd period
2. SAN JOSE BRONCOS , Cole Caufield 7 (Jake Walman 2, Jake Bean 3) at 1:40
3. KANSAS CITY KILLERBEES , Mattias Ekholm 2 (Jordan Kyrou 12, Ivan Provorov 4) at 9:19 4. KANSAS CITY KILLERBEES , Philipp Kurashev 6 (Boone Jenner 11, Sean Walker 4) at 15:42 5. SAN JOSE BRONCOS , Brett Leason 2 (Timothy Liljegren 5, Jeff Carter 2) at 15:51 6. KANSAS CITY KILLERBEES , Jordan Kyrou 10 (Connor Bedard 12) at 17:02 Penalties :
No Penalty
3rd period
7. SAN JOSE BRONCOS , Brayden Point 13 (Clayton Keller 11, Jesper Bratt 14) at 7:24
8. KANSAS CITY KILLERBEES , Jordan Kyrou 11 (Alexis Lafreniere 6, Connor Bedard 13) at 12:06 9. KANSAS CITY KILLERBEES , Jordan Kyrou 12 (Connor Bedard 14, Chris Kreider 10) at 16:46 (PP) 10. SAN JOSE BRONCOS , Brayden Point 14 (Jesper Bratt 15, Jaccob Slavin 6) at 19:36 Penalties :
Boone Jenner (KCK) for Hooking (Minor) at 4:02, Jake Bean (SJO) for Hooking (Minor) at 15:49
Overtime #1
11. SAN JOSE BRONCOS , Jesper Bratt 12 (Brayden Point 12) at 0:43
Penalties :
No Penalty
Goalie StatsIlya Samsonov (KCK), 26 saves from 32 shots - (0,813), OTL, 2-1-2, 60:44 minutes
Semyon Varlamov (SJO), 27 saves from 32 shots - (0,844), W, 5-12-2, 60:09 minutes
Players Stats for KANSAS CITY KILLERBEESPlayer Name G A P +/- PIM S H SB GA TA FO MP PP MP PK MP ------------------------------------------------------------------------------------ Alexis Lafreniere 0 1 1 1 0 1 2 0 0 0 0/2 18:26 0:16 0:25 Boone Jenner 0 1 1 -2 2 7 0 1 0 0 18/28 23:13 0:41 1:57 Chris Kreider 0 1 1 -2 0 2 0 0 0 0 1/2 21:17 0:41 0:00 Connor Bedard 0 3 3 1 0 7 0 0 0 0 10/20 21:42 0:57 3:00 Egor Zamula 0 0 0 0 0 0 0 0 0 0 0/0 4:19 0:00 0:25 Ivan Provorov 0 1 1 0 0 1 1 1 0 0 0/0 21:05 0:00 2:20 Jordan Kyrou 3 1 4 0 0 6 2 0 0 0 1/2 20:16 0:41 1:27 Justin Schultz 0 0 0 -1 0 0 0 0 0 0 0/0 14:21 0:00 0:00 K'Andre Miller 0 0 0 1 0 1 1 2 0 0 0/0 19:59 0:16 2:25 MacKenzie Entwistle 0 0 0 0 0 0 0 0 0 0 0/0 3:19 0:00 0:00 Mattias Ekholm 1 0 1 -1 2 1 2 1 0 0 0/0 25:08 0:41 1:05 Morgan Barron 0 0 0 0 0 0 1 0 0 0 2/4 4:33 0:00 1:14 Nicholas Paul 0 0 0 0 0 0 0 0 0 0 1/1 13:38 0:16 0:00 Nicolas Aube-Kubel 0 0 0 0 0 0 2 0 0 0 0/0 16:41 0:00 0:00 Parker Wotherspoon 0 0 0 -1 2 0 1 1 0 0 0/0 15:10 0:00 0:50 Philipp Kurashev 1 0 1 0 0 3 0 0 0 0 0/2 21:12 0:16 1:27 Sean Walker 0 1 1 1 0 0 0 1 0 0 0/0 19:43 0:00 2:25 Tyler Johnson 0 0 0 0 0 3 0 0 0 0 5/17 13:22 0:00 0:00 Players Stats for SAN JOSE BRONCOSPlayer Name G A P +/- PIM S H SB GA TA FO MP PP MP PK MP ------------------------------------------------------------------------------------ Adam Pelech 0 0 0 -1 0 0 1 2 0 0 0/0 20:37 2:17 0:37 Brayden Point 3 1 4 2 0 6 0 0 0 0 18/31 23:00 2:28 0:57 Brett Leason 1 0 1 1 0 6 1 0 0 0 0/2 11:38 0:00 0:00 Clayton Keller 0 2 2 1 0 2 2 0 0 0 1/1 21:19 2:28 0:00 Cole Caufield 1 0 1 0 0 4 2 1 0 0 0/0 18:18 2:17 0:00 Ilya Mikheyev 0 0 0 1 0 3 0 0 0 0 0/0 11:38 0:00 0:00 Jaccob Slavin 0 1 1 1 0 0 0 1 0 0 0/0 25:38 2:28 0:20 Jack Roslovic 0 0 0 0 0 0 2 0 0 0 12/21 18:18 2:17 0:00 Jake Bean 0 1 1 1 2 0 2 0 0 0 0/0 14:28 0:00 0:00 Jake Walman 0 1 1 1 0 0 1 1 0 0 0/0 14:29 0:00 0:00 Jeff Carter 0 1 1 1 0 1 1 0 0 0 6/9 11:38 0:00 0:00 Jesper Bratt 1 3 4 2 0 1 0 0 0 0 0/2 23:00 2:28 0:57 Mattias Janmark-Nylen 0 0 0 -2 0 0 1 0 0 0 0/1 7:48 0:00 0:00 Oliver Bjorkstrand 0 0 0 0 0 1 0 0 0 0 0/1 18:18 2:17 0:00 Thomas Harley 0 0 0 0 0 4 3 1 0 0 0/0 24:54 2:28 0:20 Timothy Liljegren 0 1 1 -1 0 2 3 0 0 0 0/0 20:37 2:17 0:37 Tyler Motte 0 0 0 -2 0 0 1 0 0 0 1/1 7:48 0:00 0:00 Zach Benson 0 0 0 -2 0 2 0 0 0 0 2/9 7:48 0:00 0:00 3 Stars
1 - Brayden Point (SJO)
2 - Jordan Kyrou (KCK) 3 - Jesper Bratt (SJO) Power PlayKANSAS CITY KILLERBEES - 1 on 1 Attempt(s) - 100,00%
SAN JOSE BRONCOS - 1 on 3 Attempt(s) - 33,33%
Penalty KillKANSAS CITY KILLERBEES - 2 on 3 Attempt(s) - 66,67%
- Score 0 goal in Penalty Kill
SAN JOSE BRONCOS - 0 on 1 Attempt(s) - 0,00%
- Score 0 goal in Penalty Kill
Team StatKANSAS CITY KILLERBEES - Hits : 12 - Faceoff Wins : 38 - Blocked Shots : 7 - Penalty Minutes : 6
SAN JOSE BRONCOS - Hits : 20 - Faceoff Wins : 40 - Blocked Shots : 6 - Penalty Minutes : 2
Official
Referees : Graham Skilliter and Furman South
Linesman : Justin Cornell and Jeff Walker Game Notes
Jordan Kyrou has scored a Hat Trick!
Brayden Point has scored a Hat Trick! FinanceLevel 1 -- Attendance: 6730 (89,73%) -- Ticket Income 1 278 700 $Level 2 -- Attendance: 5068 (84,47%) -- Ticket Income 658 840 $ Level 3 -- Attendance: 2317 (51,49%) -- Ticket Income 243 285 $ Level 4 -- Attendance: 4111 (68,52%) -- Ticket Income 328 880 $ Luxury Box -- Attendance: 1000 (100,00%) -- Ticket Income 325 000 $ Total Attendance: 19226 (76,90%) Total Ticket Income: 2 834 705 $ Other Expense: 28 347 $ Total Income: 2 806 358 $ KANSAS CITY KILLERBEES5 vs 5 Forward Center Left Wing Right Wing Time % Phy DF OF 1 Boone Jenner Chris Kreider Philipp Kurashev 38 1 2 2 2 Connor Bedard Alexis Lafreniere Jordan Kyrou 34 1 2 2 3 Tyler Johnson Nicholas Paul Nicolas Aube-Kubel 23 1 2 2 4 Morgan Barron Nicolas Aube-Kubel MacKenzie Entwistle 5 1 2 2 5 vs 5 Defense Defense Defense Time % Phy DF OF 1 Mattias Ekholm Ivan Provorov 36 1 2 2 2 K'Andre Miller Sean Walker 31 1 2 2 3 Justin Schultz Parker Wotherspoon 23 1 2 2 4 Egor Zamula Mattias Ekholm 10 1 2 2 PowerPlay Forward Center Left Wing Right Wing Time % Phy DF OF 1 Boone Jenner Chris Kreider Jordan Kyrou 55 0 1 4 2 Philipp Kurashev Nicholas Paul Alexis Lafreniere 45 0 1 4 PowerPlay Defense Defense Defense Time % Phy DF OF 1 Mattias Ekholm Connor Bedard 65 0 2 3 2 K'Andre Miller Connor Bedard 35 0 2 3 Penalty Kill 4 Players Forward Center Wing Time % Phy DF OF 1 Connor Bedard Boone Jenner 55 1 2 2 2 Jordan Kyrou Philipp Kurashev 45 1 2 2 Penalty Kill 4 Players Defense Defense Defense Time % Phy DF OF 1 Mattias Ekholm Ivan Provorov 55 1 2 2 2 K'Andre Miller Sean Walker 45 1 2 2 Penalty Kill - 3 Players Forward Forward Time % Phy DF OF 1 Jordan Kyrou 55 1 2 2 2 Boone Jenner 45 1 2 2 Penalty Kill - 3 Players Defense Defense Defense Time % Phy DF OF 1 Mattias Ekholm Ivan Provorov 55 1 2 2 2 K'Andre Miller Sean Walker 45 1 2 2 4 vs 4 Forward Center Wing Time % Phy DF OF 1 Connor Bedard Boone Jenner 55 1 2 2 2 Jordan Kyrou Philipp Kurashev 45 1 2 2 4 vs 4 Defense Defense Defense Time % Phy DF OF 1 Mattias Ekholm Ivan Provorov 55 1 2 2 2 K'Andre Miller Sean Walker 45 1 2 2 Last Minutes Offensive Center Left Wing Right Wing Defense Defense Boone Jenner Chris Kreider Jordan Kyrou Mattias Ekholm Ivan Provorov Last Minutes Defensive Center Left Wing Right Wing Defense Defense Boone Jenner Chris Kreider Jordan Kyrou Mattias Ekholm Ivan Provorov Goaltenders Starting : Ilya Samsonov Backup : John Gibson Extra Forwards Normal : Connor Bedard, Tyler Johnson, Morgan Barron - PP : Connor Bedard, Tyler Johnson - PK : Morgan Barron Extra Defensemen Normal : Justin Schultz, Parker Wotherspoon, Egor Zamula - PP : Justin Schultz - PK : Parker Wotherspoon, Egor Zamula Penalty Shots Tyler Johnson, Boone Jenner, Jordan Kyrou, Philipp Kurashev, Connor Bedard Custom OT Lines Forwards Chris Kreider, Boone Jenner, Jordan Kyrou, Philipp Kurashev, Connor Bedard, Nicholas Paul, Tyler Johnson, Alexis Lafreniere, Morgan Barron, Nicolas Aube-Kubel Custom OT Lines Defensemen Mattias Ekholm, Ivan Provorov, K'Andre Miller, Sean Walker, Justin Schultz Scratches Egor Sokolov (Healthy) SAN JOSE BRONCOS5 vs 5 Forward Center Left Wing Right Wing Time % Phy DF OF 1 Brayden Point Jesper Bratt Clayton Keller 36 1 2 2 2 Jack Roslovic Cole Caufield Oliver Bjorkstrand 31 1 2 2 3 Jeff Carter Ilya Mikheyev Brett Leason 23 1 2 2 4 Zach Benson Mattias Janmark-Nylen Tyler Motte 10 1 2 2 5 vs 5 Defense Defense Defense Time % Phy DF OF 1 Jaccob Slavin Thomas Harley 36 1 2 2 2 Adam Pelech Timothy Liljegren 31 1 2 2 3 Jake Walman Jake Bean 23 1 2 2 4 Jaccob Slavin Thomas Harley 10 1 2 2 PowerPlay Forward Center Left Wing Right Wing Time % Phy DF OF 1 Brayden Point Jesper Bratt Clayton Keller 55 1 2 2 2 Jack Roslovic Cole Caufield Oliver Bjorkstrand 45 1 2 2 PowerPlay Defense Defense Defense Time % Phy DF OF 1 Jaccob Slavin Thomas Harley 55 1 2 2 2 Adam Pelech Timothy Liljegren 45 1 2 2 Penalty Kill 4 Players Forward Center Wing Time % Phy DF OF 1 Brayden Point Jesper Bratt 55 1 2 2 2 Clayton Keller Oliver Bjorkstrand 45 1 2 2 Penalty Kill 4 Players Defense Defense Defense Time % Phy DF OF 1 Jaccob Slavin Thomas Harley 55 1 2 2 2 Adam Pelech Timothy Liljegren 45 1 2 2 Penalty Kill - 3 Players Forward Forward Time % Phy DF OF 1 Brayden Point 55 1 2 2 2 Jesper Bratt 45 1 2 2 Penalty Kill - 3 Players Defense Defense Defense Time % Phy DF OF 1 Jaccob Slavin Thomas Harley 55 1 2 2 2 Adam Pelech Timothy Liljegren 45 1 2 2 4 vs 4 Forward Center Wing Time % Phy DF OF 1 Brayden Point Jesper Bratt 55 1 2 2 2 Clayton Keller Oliver Bjorkstrand 45 1 2 2 4 vs 4 Defense Defense Defense Time % Phy DF OF 1 Jaccob Slavin Thomas Harley 55 1 2 2 2 Adam Pelech Timothy Liljegren 45 1 2 2 Last Minutes Offensive Center Left Wing Right Wing Defense Defense Brayden Point Jesper Bratt Clayton Keller Jaccob Slavin Thomas Harley Last Minutes Defensive Center Left Wing Right Wing Defense Defense Brayden Point Jesper Bratt Clayton Keller Jaccob Slavin Thomas Harley Goaltenders Starting : Semyon Varlamov Backup : Jonas Johansson Extra Forwards Normal : Jeff Carter, Ilya Mikheyev, Brett Leason - PP : Jeff Carter, Ilya Mikheyev - PK : Brett Leason Extra Defensemen Normal : Jake Walman, Jake Bean, Adam Pelech - PP : Jake Walman - PK : Jake Bean, Adam Pelech Penalty Shots Brayden Point, Jesper Bratt, Clayton Keller, Oliver Bjorkstrand, Cole Caufield Custom OT Lines Forwards Brayden Point, Jesper Bratt, Clayton Keller, Oliver Bjorkstrand, Cole Caufield, Jack Roslovic, Jeff Carter, Ilya Mikheyev, Brett Leason, Zach Benson Custom OT Lines Defensemen Jaccob Slavin, Thomas Harley, Adam Pelech, Timothy Liljegren, Jake Walman Scratches Alex Goligoski (Healthy), Sonny Milano (Healthy)
Play-by-Play1st period0:01 of 1st period - Brayden Point wins face-off versus Boone Jenner in neutral zone. 0:58 of 1st period - Chris Kreider is hit by Cole Caufield and loses puck. 1:25 of 1st period - Shot by Connor Bedard. 1:25 of 1st period - Stopped by Semyon Varlamov without a rebound. 1:26 of 1st period - Jeff Carter wins face-off versus Tyler Johnson in SAN JOSE BRONCOS zone. 1:45 of 1st period - Parker Wotherspoon is hit by Brett Leason and loses puck. 1:55 of 1st period - Icing by Justin Schultz. 1:56 of 1st period - Tyler Motte wins face-off versus Tyler Johnson in KANSAS CITY KILLERBEES zone. 2:05 of 1st period - Shot by Tyler Johnson. 2:05 of 1st period - Shot Misses the Net. 2:29 of 1st period - Shot by Jordan Kyrou. 2:29 of 1st period - Shot Hit the Post. 2:53 of 1st period - Shot by Alexis Lafreniere. 2:53 of 1st period - Stopped by Semyon Varlamov without a rebound. 2:54 of 1st period - Chris Kreider wins face-off versus Jack Roslovic in SAN JOSE BRONCOS zone. 3:01 of 1st period - Shot by Boone Jenner. 3:01 of 1st period - Stopped by Semyon Varlamov with a rebound. 3:09 of 1st period - Minor Penalty to Mattias Ekholm for Hooking. 3:10 of 1st period - Brayden Point wins face-off versus Connor Bedard in KANSAS CITY KILLERBEES zone. 3:33 of 1st period - Shot by Clayton Keller. 3:33 of 1st period - Stopped by Ilya Samsonov without a rebound. 3:34 of 1st period - Jack Roslovic wins face-off versus Jordan Kyrou in KANSAS CITY KILLERBEES zone. 3:41 of 1st period - Sean Walker is hit by Jack Roslovic and loses puck. 4:37 of 1st period - Shot by Clayton Keller. 4:37 of 1st period - Shot Misses the Net. 4:39 of 1st period - Shot by Thomas Harley. 4:39 of 1st period - Stopped by Ilya Samsonov without a rebound. 4:40 of 1st period - Connor Bedard wins face-off versus Brayden Point in KANSAS CITY KILLERBEES zone. 5:11 of 1st period - Shot by Brett Leason. 5:11 of 1st period - Stopped by Ilya Samsonov without a rebound. 5:12 of 1st period - Jeff Carter wins face-off versus Tyler Johnson in KANSAS CITY KILLERBEES zone. 5:18 of 1st period - Icing by Nicholas Paul. 5:19 of 1st period - Tyler Johnson wins face-off versus Jack Roslovic in KANSAS CITY KILLERBEES zone. 6:12 of 1st period - Icing by Jake Walman. 6:13 of 1st period - Jack Roslovic wins face-off versus Connor Bedard in SAN JOSE BRONCOS zone. 7:54 of 1st period - Shot by Jeff Carter. 7:54 of 1st period - Shot Misses the Net. 9:13 of 1st period - Jake Walman is hit by Morgan Barron and loses puck. 9:29 of 1st period - Icing by Sean Walker. 9:30 of 1st period - Morgan Barron wins face-off versus Zach Benson in KANSAS CITY KILLERBEES zone. 9:47 of 1st period - Shot by Thomas Harley. 9:47 of 1st period - Shot Misses the Net. 10:07 of 1st period - Shot by Zach Benson. 10:07 of 1st period - Shot Blocked by Ivan Provorov. 10:16 of 1st period - Off-side. 10:17 of 1st period - Clayton Keller wins face-off versus Chris Kreider in neutral zone. 11:28 of 1st period - Shot by Connor Bedard. 11:28 of 1st period - Stopped by Semyon Varlamov without a rebound. 11:29 of 1st period - Jeff Carter wins face-off versus Tyler Johnson in SAN JOSE BRONCOS zone. 11:50 of 1st period - Shot by Brett Leason. 11:50 of 1st period - Stopped by Ilya Samsonov with a rebound. 11:52 of 1st period - Shot by Brett Leason. 11:52 of 1st period - Stopped by Ilya Samsonov without a rebound. 11:53 of 1st period - Brayden Point wins face-off versus Connor Bedard in KANSAS CITY KILLERBEES zone. 11:59 of 1st period - Brayden Point is hit by Mattias Ekholm and loses puck. 12:05 of 1st period - Brayden Point is hit by Mattias Ekholm and loses puck. 12:14 of 1st period - Shot by Brayden Point. 12:14 of 1st period - Shot Blocked by Mattias Ekholm. 12:19 of 1st period - Jesper Bratt is hit by Ivan Provorov and loses puck. 13:45 of 1st period - Icing by Jake Bean. 13:46 of 1st period - Boone Jenner wins face-off versus Jeff Carter in SAN JOSE BRONCOS zone. 14:04 of 1st period - Shot by Chris Kreider. 14:04 of 1st period - Shot Misses the Net. 14:06 of 1st period - Shot by Sean Walker. 14:06 of 1st period - Shot Blocked by Jake Walman. 14:08 of 1st period - Shot by Chris Kreider. 14:08 of 1st period - Stopped by Semyon Varlamov without a rebound. 14:09 of 1st period - Brayden Point wins face-off versus Tyler Johnson in SAN JOSE BRONCOS zone. 14:15 of 1st period - Minor Penalty to Parker Wotherspoon for Tripping. 14:16 of 1st period - Brayden Point wins face-off versus Morgan Barron in KANSAS CITY KILLERBEES zone. 14:23 of 1st period - Shot by Brayden Point. 14:23 of 1st period - Shot Misses the Net. 14:33 of 1st period - Shot by Clayton Keller. 14:33 of 1st period - Stopped by Ilya Samsonov without a rebound. 14:34 of 1st period - Jack Roslovic wins face-off versus Connor Bedard in KANSAS CITY KILLERBEES zone. 14:48 of 1st period - Icing by Jack Roslovic. 14:49 of 1st period - Jordan Kyrou wins face-off versus Jack Roslovic in SAN JOSE BRONCOS zone. 14:50 of 1st period - Shot by Sean Walker. 14:50 of 1st period - Deflect By Philipp Kurashev. 14:50 of 1st period - Stopped by Semyon Varlamov without a rebound. 14:51 of 1st period - Brayden Point wins face-off versus Connor Bedard in SAN JOSE BRONCOS zone. 15:02 of 1st period - Shot by Brayden Point. 15:02 of 1st period - Goal by Brayden Point - KANSAS CITY KILLERBEES : 0 - SAN JOSE BRONCOS : 1. 15:03 of 1st period - Jack Roslovic wins face-off versus Tyler Johnson in neutral zone. 15:03 of 1st period - Jack Roslovic is hit by Nicolas Aube-Kubel. 15:37 of 1st period - Shot by Jack Roslovic. 15:37 of 1st period - Shot Misses the Net. 16:10 of 1st period - Shot by Jesper Bratt. 16:10 of 1st period - Shot Misses the Net. 16:24 of 1st period - Shot by Jesper Bratt. 16:24 of 1st period - Shot Blocked by K'Andre Miller. 17:39 of 1st period - Shot by Brett Leason. 17:39 of 1st period - Shot Blocked by Parker Wotherspoon. 17:51 of 1st period - Shot by Jeff Carter. 17:51 of 1st period - Stopped by Ilya Samsonov without a rebound. 17:52 of 1st period - Morgan Barron wins face-off versus Jack Roslovic in KANSAS CITY KILLERBEES zone. 17:52 of 1st period - Morgan Barron is hit by Jack Roslovic. 19:16 of 1st period - Shot by Ilya Mikheyev. 19:16 of 1st period - Stopped by Ilya Samsonov without a rebound. 19:17 of 1st period - Boone Jenner wins face-off versus Zach Benson in KANSAS CITY KILLERBEES zone. 19:34 of 1st period - Shot by Chris Kreider. 19:34 of 1st period - Shot Blocked by Thomas Harley. 19:36 of 1st period - Shot by Philipp Kurashev. 19:36 of 1st period - Shot Misses the Net. Goals for this period are 0 for KANSAS CITY KILLERBEES vs 1 for SAN JOSE BRONCOS. Shots for this period are 6 for KANSAS CITY KILLERBEES vs 9 for SAN JOSE BRONCOS. 2nd period0:01 of 2nd period - Boone Jenner wins face-off versus Brayden Point in neutral zone. 1:18 of 2nd period - Shot by Connor Bedard. 1:18 of 2nd period - Stopped by Semyon Varlamov without a rebound. 1:19 of 2nd period - Jack Roslovic wins face-off versus Tyler Johnson in SAN JOSE BRONCOS zone. 1:24 of 2nd period - Shot by Cole Caufield. 1:24 of 2nd period - Deflect By Oliver Bjorkstrand. 1:24 of 2nd period - Stopped by Ilya Samsonov without a rebound. 1:25 of 2nd period - Connor Bedard wins face-off versus Jack Roslovic in KANSAS CITY KILLERBEES zone. 1:33 of 2nd period - Cole Caufield is hit by K'Andre Miller and loses puck. 1:38 of 2nd period - Shot by Cole Caufield. 1:38 of 2nd period - Shot Blocked by K'Andre Miller. 1:40 of 2nd period - Shot by Cole Caufield. 1:40 of 2nd period - Goal by Cole Caufield - KANSAS CITY KILLERBEES : 0 - SAN JOSE BRONCOS : 2. 1:41 of 2nd period - Brayden Point wins face-off versus Tyler Johnson in neutral zone. 2:06 of 2nd period - Shot by Jesper Bratt. 2:06 of 2nd period - Deflect By Brayden Point. 2:06 of 2nd period - Shot Misses the Net. 2:20 of 2nd period - Shot by Tyler Johnson. 2:20 of 2nd period - Stopped by Semyon Varlamov without a rebound. 2:21 of 2nd period - Jack Roslovic wins face-off versus Connor Bedard in SAN JOSE BRONCOS zone. 2:37 of 2nd period - Shot by Cole Caufield. 2:37 of 2nd period - Stopped by Ilya Samsonov without a rebound. 2:38 of 2nd period - Boone Jenner wins face-off versus Jeff Carter in KANSAS CITY KILLERBEES zone. 2:57 of 2nd period - Shot by Jeff Carter. 2:57 of 2nd period - Deflect By Brett Leason. 2:57 of 2nd period - Stopped by Ilya Samsonov without a rebound. 2:58 of 2nd period - Brayden Point wins face-off versus Connor Bedard in KANSAS CITY KILLERBEES zone. 3:01 of 2nd period - Shot by Jesper Bratt. 3:01 of 2nd period - Shot Misses the Net. 3:03 of 2nd period - Shot by Thomas Harley. 3:03 of 2nd period - Stopped by Ilya Samsonov with a rebound. 3:05 of 2nd period - Shot by Thomas Harley. 3:05 of 2nd period - Stopped by Ilya Samsonov without a rebound. 3:06 of 2nd period - Boone Jenner wins face-off versus Brayden Point in KANSAS CITY KILLERBEES zone. 3:18 of 2nd period - Icing by Mattias Ekholm. 3:19 of 2nd period - Boone Jenner wins face-off versus Jack Roslovic in KANSAS CITY KILLERBEES zone. 3:31 of 2nd period - Philipp Kurashev is hit by Timothy Liljegren and loses puck. 3:54 of 2nd period - Shot by Chris Kreider. 3:54 of 2nd period - Shot Misses the Net. 4:25 of 2nd period - Shot by Jesper Bratt. 4:25 of 2nd period - Shot Misses the Net. 4:44 of 2nd period - Shot by Connor Bedard. 4:44 of 2nd period - Stopped by Semyon Varlamov with a rebound. 5:35 of 2nd period - Nicholas Paul is hit by Jake Bean and loses puck. 5:38 of 2nd period - Shot by Tyler Johnson. 5:38 of 2nd period - Stopped by Semyon Varlamov with a rebound. 5:53 of 2nd period - Philipp Kurashev is hit by Jake Bean and loses puck. 6:00 of 2nd period - Shot by Philipp Kurashev. 6:00 of 2nd period - Shot Misses the Net. 6:02 of 2nd period - Shot by Ivan Provorov. 6:02 of 2nd period - Stopped by Semyon Varlamov without a rebound. 6:03 of 2nd period - Jack Roslovic wins face-off versus Connor Bedard in SAN JOSE BRONCOS zone. 6:03 of 2nd period - Jack Roslovic is hit by Jordan Kyrou. 6:11 of 2nd period - Mattias Ekholm is hit by Cole Caufield and loses puck. 6:22 of 2nd period - Shot by Jordan Kyrou. 6:22 of 2nd period - Shot Misses the Net. 6:24 of 2nd period - Shot by Connor Bedard. 6:24 of 2nd period - Stopped by Semyon Varlamov without a rebound. 6:25 of 2nd period - Brayden Point wins face-off versus Boone Jenner in SAN JOSE BRONCOS zone. 6:48 of 2nd period - Shot by Jesper Bratt. 6:48 of 2nd period - Shot Misses the Net. 7:46 of 2nd period - Shot by Jordan Kyrou. 7:46 of 2nd period - Shot Misses the Net. 7:48 of 2nd period - Shot by Alexis Lafreniere. 7:48 of 2nd period - Shot Blocked by Adam Pelech. 7:50 of 2nd period - Shot by Jordan Kyrou. 7:50 of 2nd period - Stopped by Semyon Varlamov without a rebound. 7:51 of 2nd period - Jeff Carter wins face-off versus Tyler Johnson in SAN JOSE BRONCOS zone. 8:59 of 2nd period - Shot by Alexis Lafreniere. 8:59 of 2nd period - Shot Blocked by Adam Pelech. 9:09 of 2nd period - Shot by Connor Bedard. 9:09 of 2nd period - Stopped by Semyon Varlamov with a rebound. 9:11 of 2nd period - Shot by Mattias Ekholm. 9:11 of 2nd period - Deflect By Jordan Kyrou. 9:11 of 2nd period - Shot Misses the Net. 9:17 of 2nd period - Shot by Jordan Kyrou. 9:17 of 2nd period - Shot Misses the Net. 9:19 of 2nd period - Shot by Mattias Ekholm. 9:19 of 2nd period - Goal by Mattias Ekholm - KANSAS CITY KILLERBEES : 1 - SAN JOSE BRONCOS : 2. 9:20 of 2nd period - Brayden Point wins face-off versus Boone Jenner in neutral zone. 9:23 of 2nd period - Shot by Jesper Bratt. 9:23 of 2nd period - Shot Misses the Net. 9:25 of 2nd period - Shot by Thomas Harley. 9:25 of 2nd period - Stopped by Ilya Samsonov without a rebound. 9:26 of 2nd period - Brayden Point wins face-off versus Boone Jenner in KANSAS CITY KILLERBEES zone. 9:45 of 2nd period - Shot by Brayden Point. 9:45 of 2nd period - Stopped by Ilya Samsonov without a rebound. 9:46 of 2nd period - Jack Roslovic wins face-off versus Tyler Johnson in KANSAS CITY KILLERBEES zone. 10:23 of 2nd period - Shot by Cole Caufield. 10:23 of 2nd period - Stopped by Ilya Samsonov with a rebound. 10:47 of 2nd period - Icing by Nicholas Paul. 10:48 of 2nd period - Tyler Johnson wins face-off versus Jesper Bratt in KANSAS CITY KILLERBEES zone. 10:55 of 2nd period - Jaccob Slavin is hit by Nicolas Aube-Kubel and loses puck. 11:08 of 2nd period - Shot by Brayden Point. 11:08 of 2nd period - Shot Misses the Net. 11:28 of 2nd period - Shot by Brayden Point. 11:28 of 2nd period - Stopped by Ilya Samsonov with a rebound. 11:58 of 2nd period - Shot by Jake Walman. 11:58 of 2nd period - Shot Blocked by Boone Jenner. 12:05 of 2nd period - Icing by Philipp Kurashev. 12:06 of 2nd period - Boone Jenner wins face-off versus Zach Benson in KANSAS CITY KILLERBEES zone. 12:19 of 2nd period - Shot by Boone Jenner. 12:19 of 2nd period - Stopped by Semyon Varlamov with a rebound. 12:33 of 2nd period - Shot by Zach Benson. 12:33 of 2nd period - Stopped by Ilya Samsonov with a rebound. 12:37 of 2nd period - Shot by Zach Benson. 12:37 of 2nd period - Stopped by Ilya Samsonov without a rebound. 12:38 of 2nd period - Jack Roslovic wins face-off versus Connor Bedard in KANSAS CITY KILLERBEES zone. 12:49 of 2nd period - Shot by Cole Caufield. 12:49 of 2nd period - Stopped by Ilya Samsonov without a rebound. 12:50 of 2nd period - Connor Bedard wins face-off versus Brayden Point in KANSAS CITY KILLERBEES zone. 14:02 of 2nd period - Shot by Ilya Mikheyev. 14:02 of 2nd period - Shot Misses the Net. 14:14 of 2nd period - Shot by Brett Leason. 14:14 of 2nd period - Shot Misses the Net. 14:16 of 2nd period - Shot by Timothy Liljegren. 14:16 of 2nd period - Shot Misses the Net. 14:18 of 2nd period - Shot by Timothy Liljegren. 14:18 of 2nd period - Stopped by Ilya Samsonov without a rebound. 14:19 of 2nd period - Jack Roslovic wins face-off versus Morgan Barron in KANSAS CITY KILLERBEES zone. 15:35 of 2nd period - Boone Jenner is hit by Thomas Harley and loses puck. 15:40 of 2nd period - Shot by Boone Jenner. 15:40 of 2nd period - Shot Misses the Net. 15:42 of 2nd period - Shot by Philipp Kurashev. 15:42 of 2nd period - Goal by Philipp Kurashev - KANSAS CITY KILLERBEES : 2 - SAN JOSE BRONCOS : 2. 15:43 of 2nd period - Jeff Carter wins face-off versus Alexis Lafreniere in neutral zone. 15:49 of 2nd period - Shot by Brett Leason. 15:49 of 2nd period - Shot Misses the Net. 15:51 of 2nd period - Shot by Brett Leason. 15:51 of 2nd period - Goal by Brett Leason - KANSAS CITY KILLERBEES : 2 - SAN JOSE BRONCOS : 3. 15:52 of 2nd period - Boone Jenner wins face-off versus Zach Benson in neutral zone. 15:52 of 2nd period - Philipp Kurashev is hit by Mattias Janmark-Nylen and loses puck. 16:30 of 2nd period - Chris Kreider is hit by Timothy Liljegren and loses puck. 16:40 of 2nd period - Boone Jenner is hit by Adam Pelech and loses puck. 16:57 of 2nd period - Jordan Kyrou is hit by Timothy Liljegren and loses puck. 17:02 of 2nd period - Shot by Jordan Kyrou. 17:02 of 2nd period - Goal by Jordan Kyrou - KANSAS CITY KILLERBEES : 3 - SAN JOSE BRONCOS : 3. 17:03 of 2nd period - Connor Bedard wins face-off versus Brayden Point in neutral zone. 17:47 of 2nd period - Shot by Connor Bedard. 17:47 of 2nd period - Deflect By Alexis Lafreniere. 17:47 of 2nd period - Shot Misses the Net. 18:02 of 2nd period - Icing by Tyler Johnson. 18:03 of 2nd period - Nicholas Paul wins face-off versus Jack Roslovic in KANSAS CITY KILLERBEES zone. 18:22 of 2nd period - Shot by Tyler Johnson. 18:22 of 2nd period - Shot Misses the Net. 18:59 of 2nd period - Shot by Ilya Mikheyev. 18:59 of 2nd period - Stopped by Ilya Samsonov with a rebound. 19:09 of 2nd period - Shot by Jeff Carter. 19:09 of 2nd period - Deflect By Brett Leason. 19:09 of 2nd period - Stopped by Ilya Samsonov without a rebound. 19:10 of 2nd period - Boone Jenner wins face-off versus Brayden Point in KANSAS CITY KILLERBEES zone. 19:36 of 2nd period - Icing by Thomas Harley. 19:37 of 2nd period - Connor Bedard wins face-off versus Jesper Bratt in SAN JOSE BRONCOS zone. Goals for this period are 3 for KANSAS CITY KILLERBEES vs 2 for SAN JOSE BRONCOS. Shots for this period are 12 for KANSAS CITY KILLERBEES vs 17 for SAN JOSE BRONCOS. 3rd period0:01 of 3rd period - Boone Jenner wins face-off versus Brett Leason in neutral zone. 1:05 of 3rd period - Shot by Oliver Bjorkstrand. 1:05 of 3rd period - Shot Blocked by Sean Walker. 1:25 of 3rd period - Shot by Connor Bedard. 1:25 of 3rd period - Stopped by Semyon Varlamov without a rebound. 1:26 of 3rd period - Tyler Johnson wins face-off versus Brayden Point in SAN JOSE BRONCOS zone. 3:19 of 3rd period - Icing by Timothy Liljegren. 3:20 of 3rd period - Boone Jenner wins face-off versus Oliver Bjorkstrand in SAN JOSE BRONCOS zone. 4:02 of 3rd period - Minor Penalty to Boone Jenner for Hooking. 4:03 of 3rd period - Brayden Point wins face-off versus Connor Bedard in KANSAS CITY KILLERBEES zone. 5:18 of 3rd period - Shot by Timothy Liljegren. 5:18 of 3rd period - Stopped by Ilya Samsonov without a rebound. 5:19 of 3rd period - Connor Bedard wins face-off versus Jack Roslovic in KANSAS CITY KILLERBEES zone. 6:19 of 3rd period - Icing by Jake Walman. 6:20 of 3rd period - Jeff Carter wins face-off versus Boone Jenner in SAN JOSE BRONCOS zone. 6:48 of 3rd period - Icing by Parker Wotherspoon. 6:49 of 3rd period - Brayden Point wins face-off versus Boone Jenner in KANSAS CITY KILLERBEES zone. 7:06 of 3rd period - Shot by Boone Jenner. 7:06 of 3rd period - Shot Misses the Net. 7:24 of 3rd period - Shot by Brayden Point. 7:24 of 3rd period - Goal by Brayden Point - KANSAS CITY KILLERBEES : 3 - SAN JOSE BRONCOS : 4. 7:25 of 3rd period - Zach Benson wins face-off versus Alexis Lafreniere in neutral zone. 7:44 of 3rd period - Shot by Tyler Motte. 7:44 of 3rd period - Shot Hit the Post. 8:03 of 3rd period - Shot by Jordan Kyrou. 8:03 of 3rd period - Stopped by Semyon Varlamov with a rebound. 8:05 of 3rd period - Shot by Jordan Kyrou. 8:05 of 3rd period - Stopped by Semyon Varlamov without a rebound. 8:06 of 3rd period - Jack Roslovic wins face-off versus Tyler Johnson in SAN JOSE BRONCOS zone. 8:16 of 3rd period - Nicholas Paul is hit by Thomas Harley and loses puck. 8:31 of 3rd period - Shot by Tyler Johnson. 8:31 of 3rd period - Stopped by Semyon Varlamov with a rebound. 9:19 of 3rd period - Shot by Clayton Keller. 9:19 of 3rd period - Shot Misses the Net. 9:33 of 3rd period - Shot by Boone Jenner. 9:33 of 3rd period - Shot Misses the Net. 9:35 of 3rd period - Shot by Philipp Kurashev. 9:35 of 3rd period - Stopped by Semyon Varlamov with a rebound. 10:01 of 3rd period - Brett Leason is hit by Jordan Kyrou and loses puck. 10:21 of 3rd period - Icing by Parker Wotherspoon. 10:22 of 3rd period - Connor Bedard wins face-off versus Mattias Janmark-Nylen in KANSAS CITY KILLERBEES zone. 10:22 of 3rd period - Connor Bedard is hit by Tyler Motte. 10:50 of 3rd period - Shot by Nicholas Paul. 10:50 of 3rd period - Shot Misses the Net. 11:01 of 3rd period - Icing by Jaccob Slavin. 11:02 of 3rd period - Zach Benson wins face-off versus Philipp Kurashev in SAN JOSE BRONCOS zone. 11:04 of 3rd period - Icing by Jaccob Slavin. 11:05 of 3rd period - Boone Jenner wins face-off versus Zach Benson in SAN JOSE BRONCOS zone. 11:30 of 3rd period - Shot by Philipp Kurashev. 11:30 of 3rd period - Shot Misses the Net. 11:32 of 3rd period - Shot by Mattias Ekholm. 11:32 of 3rd period - Shot Blocked by Jaccob Slavin. 11:52 of 3rd period - Shot by Philipp Kurashev. 11:52 of 3rd period - Shot Misses the Net. 12:03 of 3rd period - Connor Bedard is hit by Thomas Harley and loses puck. 12:06 of 3rd period - Shot by Alexis Lafreniere. 12:06 of 3rd period - Deflect By Jordan Kyrou. 12:06 of 3rd period - Goal by Jordan Kyrou - KANSAS CITY KILLERBEES : 4 - SAN JOSE BRONCOS : 4. 12:07 of 3rd period - Connor Bedard wins face-off versus Brayden Point in neutral zone. 12:30 of 3rd period - Adam Pelech is hit by Alexis Lafreniere and loses puck. 12:41 of 3rd period - Off-side. 12:42 of 3rd period - Jack Roslovic wins face-off versus Tyler Johnson in neutral zone. 12:49 of 3rd period - Shot by Cole Caufield. 12:49 of 3rd period - Shot Misses the Net. 13:34 of 3rd period - Shot by Chris Kreider. 13:34 of 3rd period - Shot Blocked by Cole Caufield. 13:38 of 3rd period - Shot by Boone Jenner. 13:38 of 3rd period - Shot Misses the Net. 13:40 of 3rd period - Shot by Boone Jenner. 13:40 of 3rd period - Stopped by Semyon Varlamov with a rebound. 13:42 of 3rd period - Shot by Chris Kreider. 13:42 of 3rd period - Shot Misses the Net. 13:48 of 3rd period - Shot by Boone Jenner. 13:48 of 3rd period - Stopped by Semyon Varlamov with a rebound. 13:50 of 3rd period - Shot by Boone Jenner. 13:50 of 3rd period - Deflect By Chris Kreider. 13:50 of 3rd period - Stopped by Semyon Varlamov without a rebound. 13:51 of 3rd period - Connor Bedard wins face-off versus Brayden Point in SAN JOSE BRONCOS zone. 14:58 of 3rd period - Off-side. 14:59 of 3rd period - Boone Jenner wins face-off versus Zach Benson in neutral zone. 15:03 of 3rd period - Icing by Jaccob Slavin. 15:04 of 3rd period - Boone Jenner wins face-off versus Zach Benson in SAN JOSE BRONCOS zone. 15:24 of 3rd period - Icing by Mattias Ekholm. 15:25 of 3rd period - Boone Jenner wins face-off versus Jeff Carter in KANSAS CITY KILLERBEES zone. 15:47 of 3rd period - Philipp Kurashev is hit by Jake Walman and loses puck. 15:49 of 3rd period - Minor Penalty to Jake Bean for Hooking. 15:50 of 3rd period - Brayden Point wins face-off versus Philipp Kurashev in SAN JOSE BRONCOS zone. 16:01 of 3rd period - Shot by Connor Bedard. 16:01 of 3rd period - Shot Misses the Net. 16:03 of 3rd period - Shot by Connor Bedard. 16:03 of 3rd period - Shot Misses the Net. 16:05 of 3rd period - Shot by K'Andre Miller. 16:05 of 3rd period - Stopped by Semyon Varlamov without a rebound. 16:06 of 3rd period - Brayden Point wins face-off versus Boone Jenner in SAN JOSE BRONCOS zone. 16:14 of 3rd period - Icing by Connor Bedard. 16:15 of 3rd period - Boone Jenner wins face-off versus Brayden Point in KANSAS CITY KILLERBEES zone. 16:22 of 3rd period - Shot by Chris Kreider. 16:22 of 3rd period - Deflect By Boone Jenner. 16:22 of 3rd period - Stopped by Semyon Varlamov without a rebound. 16:23 of 3rd period - Brayden Point wins face-off versus Boone Jenner in SAN JOSE BRONCOS zone. 16:46 of 3rd period - Shot by Jordan Kyrou. 16:46 of 3rd period - Goal by Jordan Kyrou - KANSAS CITY KILLERBEES : 5 - SAN JOSE BRONCOS : 4. 16:47 of 3rd period - Tyler Johnson wins face-off versus Jack Roslovic in neutral zone. 17:21 of 3rd period - Shot by Thomas Harley. 17:21 of 3rd period - Shot Misses the Net. 18:15 of 3rd period - Shot by Brett Leason. 18:15 of 3rd period - Shot Misses the Net. 18:29 of 3rd period - Shot by Brett Leason. 18:29 of 3rd period - Deflect By Ilya Mikheyev. 18:29 of 3rd period - Stopped by Ilya Samsonov without a rebound. 18:30 of 3rd period - Connor Bedard wins face-off versus Brayden Point in KANSAS CITY KILLERBEES zone. 18:30 of 3rd period - Connor Bedard is hit by Clayton Keller. 18:40 of 3rd period - Jake Walman is hit by Alexis Lafreniere and loses puck. 18:52 of 3rd period - Jesper Bratt is hit by Parker Wotherspoon and loses puck. 19:01 of 3rd period - SAN JOSE BRONCOS, Semyon Varlamov is pulled from the net. 19:13 of 3rd period - Shot by Brayden Point. 19:13 of 3rd period - Stopped by Ilya Samsonov without a rebound. 19:14 of 3rd period - Boone Jenner wins face-off versus Brayden Point in KANSAS CITY KILLERBEES zone. 19:14 of 3rd period - Boone Jenner is hit by Clayton Keller. 19:28 of 3rd period - Shot by Ivan Provorov. 19:28 of 3rd period - Deflect By Chris Kreider. 19:28 of 3rd period - Shot Misses the Net. 19:36 of 3rd period - Shot by Brayden Point. 19:36 of 3rd period - Goal by Brayden Point - KANSAS CITY KILLERBEES : 5 - SAN JOSE BRONCOS : 5. 19:36 of 3rd period - Semyon Varlamov from SAN JOSE BRONCOS was sent back in the game. 19:37 of 3rd period - Tyler Johnson wins face-off versus Brett Leason in neutral zone. 19:37 of 3rd period - Tyler Johnson is hit by Jeff Carter. 19:51 of 3rd period - Shot by Tyler Johnson. 19:51 of 3rd period - Deflect By Nicholas Paul. 19:51 of 3rd period - Shot Misses the Net. 19:53 of 3rd period - Shot by Sean Walker. 19:53 of 3rd period - Shot Misses the Net. Goals for this period are 2 for KANSAS CITY KILLERBEES vs 2 for SAN JOSE BRONCOS. Shots for this period are 12 for KANSAS CITY KILLERBEES vs 5 for SAN JOSE BRONCOS. Overtime #10:01 of 1st overtime period - Boone Jenner wins face-off versus Brayden Point in neutral zone. 0:04 of 1st overtime period - Shot by Chris Kreider. 0:04 of 1st overtime period - Shot Misses the Net. 0:06 of 1st overtime period - Shot by Boone Jenner. 0:06 of 1st overtime period - Stopped by Semyon Varlamov with a rebound. 0:08 of 1st overtime period - Shot by Boone Jenner. 0:08 of 1st overtime period - Shot Misses the Net. 0:10 of 1st overtime period - Shot by Boone Jenner. 0:10 of 1st overtime period - Deflect By Chris Kreider. 0:10 of 1st overtime period - Shot Misses the Net. 0:12 of 1st overtime period - Shot by Chris Kreider. 0:12 of 1st overtime period - Shot Misses the Net. 0:14 of 1st overtime period - Shot by Mattias Ekholm. 0:14 of 1st overtime period - Shot Misses the Net. 0:18 of 1st overtime period - Shot by Boone Jenner. 0:18 of 1st overtime period - Stopped by Semyon Varlamov without a rebound. 0:19 of 1st overtime period - Brayden Point wins face-off versus Boone Jenner in SAN JOSE BRONCOS zone. 0:25 of 1st overtime period - Icing by Jesper Bratt. 0:26 of 1st overtime period - Brayden Point wins face-off versus Boone Jenner in SAN JOSE BRONCOS zone. 0:43 of 1st overtime period - Shot by Jesper Bratt. 0:43 of 1st overtime period - Goal by Jesper Bratt - KANSAS CITY KILLERBEES : 5 - SAN JOSE BRONCOS : 6. Goals for this period are 0 for KANSAS CITY KILLERBEES vs 1 for SAN JOSE BRONCOS. Shots for this period are 2 for KANSAS CITY KILLERBEES vs 1 for SAN JOSE BRONCOS. Back to the Top |
![]() |
![]() |
![]() |
MATTHEW TKACHUK |
TOM WILSON |
JAKE GUENTZEL |